 Dungeon Crawl Stone Soup version 0.32-a0-994-gabb26cbae4 (webtiles) character file.

Game seed: 2456716821454580073

15129 Vbesf the Spear-Bearer (level 12, -4/97 HPs)
             Began as a Gnoll Cinder Acolyte on Apr 22, 2024.
             Was an Initiate of Ignis.
             Killed from afar by an eye of devastation (shapeshifter) (39 damage)
             ... with a bolt of devastation
             ... on level 9 of the Dungeon.
             The game lasted 00:29:03 (13740 turns).

Vbesf the Spear-Bearer (Gnoll Cinder Acolyte)      Turns: 13740, Time: 00:29:04

Health: -4/97      AC: 17    Str: 18    XL:     12   Next: 23%
Magic:  23/23      EV: 16    Int: 14    God:    Ignis [......]
Gold:   736        SH:  0    Dex:  8    Spells: 26/26 levels left

rFire   + . .        E - +5 flail (protect)
rCold   . . .        (no shield)
rNeg    + . .        e - +0 ring mail
rPois   .            F - +0 helmet
rElec   .            L - +0 cloak
rCorr   .            (no gloves)
SInv    .            N - +0 pair of boots
Will    .....        C - amulet of regeneration
Stlth   +++          c - ring of positive energy
HPRegen 1.16/turn    M - +5 ring of evasion
MPRegen 0.18/turn

%: no passive effects
@: about to teleport, weak-willed, under a protective aura
A: fangs 1, strong nose, distributed training
a: Renounce Religion, Rising Flame


You were on level 9 of the Dungeon.
You worshipped Ignis.
Ignis was noncommittal.
You visited 3 branches of the dungeon, and saw 13 of its levels.
You also visited: Ossuary.

You collected 736 gold pieces.

Inventory:

Hand Weapons
 a - a -1 spear of flaming
 E - a +5 flail of protection (weapon)
 I - a +2 hand axe of venom
 P - the +6 short sword of Darkness {freeze, Fly rF++ rC+++ Str-4}
   (You took it off an orc on level 5 of the Dungeon)

   Str-4:     It affects your strength (-4).
   rF++:      It greatly protects you from fire.
   rC+++:     It renders you almost immune to cold.
   Fly:       It grants you flight.
Missiles
 d - 24 poisoned darts
 o - 3 stones (quivered)
 Q - a curare-tipped dart
 R - 6 javelins
Armour
 e - a +0 ring mail (worn)
 F - a +0 helmet (worn)
 L - a +0 cloak (worn)
 N - a +0 pair of boots (worn)
Jewellery
 c - a ring of positive energy (left hand)
 B - a ring of flight
 C - an amulet of regeneration (around neck)
 K - a ring of wizardry
 M - a +5 ring of evasion (right hand)
 S - an amulet of the acrobat
 U - a +5 ring of evasion
Wands
 r - a wand of polymorph (11)
 w - a wand of paralysis (24)
 D - a wand of flame (54)
 T - a wand of acid (7)
Scrolls
 f - 3 scrolls of fear
 h - 2 scrolls of blinking {unknown}
 i - 3 scrolls of amnesia
 k - 4 scrolls of fog
 m - 4 scrolls of teleportation
 u - 2 scrolls of poison {unknown}
 y - 3 scrolls of enchant weapon {unknown}
 z - 2 scrolls of vulnerability {unknown}
 G - 2 scrolls of silence {unknown}
 H - 2 scrolls of immolation
 J - a scroll of enchant armour {unknown}
 O - a scroll of acquirement {unknown}
 V - a scroll of torment {unknown}
Potions
 b - 3 potions of attraction
 j - 3 potions of lignification
 l - 7 potions of curing
 n - 2 potions of haste {unknown}
 p - 2 potions of brilliance {unknown}
 q - 2 potions of magic {unknown}
 s - 4 potions of mutation {unknown}
 t - 9 potions of heal wounds {unknown}
 v - 2 potions of invisibility {unknown}
 x - a potion of degeneration {unknown}
 A - a potion of enlightenment {unknown}


   Skills:
 + Level 9.9 Fighting
 + Level 7.3 Short Blades
 + Level 7.3 Long Blades
 + Level 7.3 Axes
 + Level 7.3 Maces & Flails
 + Level 9.9 Polearms
 + Level 7.3 Staves
 + Level 7.3 Ranged Weapons
 + Level 7.3 Throwing
 + Level 7.3 Armour
 + Level 7.3 Dodging
 + Level 7.3 Stealth
 + Level 7.3 Shields
 + Level 7.3 Unarmed Combat
 + Level 7.9 Spellcasting
 + Level 6.1 Conjurations
 + Level 6.1 Hexes
 + Level 6.1 Summonings
 + Level 6.1 Necromancy
 + Level 6.1 Translocations
 + Level 8.3 Fire Magic
 + Level 6.1 Ice Magic
 + Level 6.1 Air Magic
 + Level 6.1 Earth Magic
 + Level 6.1 Alchemy
 + Level 8.1 Invocations
 + Level 7.3 Evocations
 + Level 6.7 Shapeshifting


You had 26 spell levels left.
You didn't know any spells.
Your spell library contained the following spells:

 Spells                   Type           Power      Damage    Failure   Level
 Foxfire                  Conj/Fire      100%       2x1d9     1%          1
 Necrotise                Necr           88%        1d8       1%          1
 Scorch                   Fire           56%        2d7       1%          2
 Sigil of Binding         Hex            22%        N/A       4%          3
 Tukima's Dance           Hex            22%        N/A       4%          3
 Vampiric Draining        Necr           22%        2d7       4%          3
 Anguish                  Hex/Necr       11%        N/A       17%         4
 Cause Fear               Hex            11%        N/A       17%         4
 Dimensional Bullseye     Hex/Tloc       11%        N/A       17%         4
 Iskenderun's Mystic Bla Conj/Tloc 22%            2d6        (+2d3     17%         4
 Martyr's Knell           Necr/Summ      22%        N/A       17%         4
 Curse of Agony           Necr           22%        N/A       43%         5
 Plasma Beam              Fire/Air       12%        2x1d23    86%         6
 Starburst                Conj/Fire      12%        6d5       86%         6
 Enfeeble                 Hex            11%        N/A       100%        7


Dungeon Overview and Level Annotations

Branches:
Dungeon (10/15)            Temple (1/1) D:5            Lair (2/5) D:9
Ossuary (visited)
  Swamp: Lair:2-3    Shoals: Lair:2-3     Snake: Lair:2-3    Spider: Lair:2-3
    Orc: D:9-12

Altars:
Ashenzari
Cheibriados
Dithmenos
Elyvilon
Fedhas
Gozag
Hepliaklqana
Kikubaaqudgha
Nemelex Xobeh
Okawaru
Qazlal
Ru
Sif Muna
Trog
Uskayaw
Vehumet
Wu Jian
Xom
Yredelemnul
Zin
The Shining One
Beogh

Annotations:
D:6 1 runed translucent door, Crazy Yiuf
D:8 exclusion: hornet, Psyche
Lair:2 Urug


Innate Abilities, Weirdness & Mutations

You have very sharp teeth.
Your uncanny sense of smell can sniff out nearby items.
Your experience applies equally to all skills.


Message History

You hit the elephant.
Your weapon exudes an aura of protection.
The elephant is lightly wounded.
The elephant tramples you.
You hold your ground!
The elephant trunk-slaps you.
You take 8 damage, and have 89/97 hp.
You sock the elephant! Your bite misses the elephant.
The elephant is moderately wounded.
The elephant tramples you but does no damage.
The elephant barely misses you.
You sock the elephant!
The elephant is heavily wounded.
The elephant closely misses you.
The elephant trunk-slaps you but does no damage.
You thump the elephant!
The elephant is severely wounded.
The elephant misses you. The elephant closely misses you.
You hit the elephant.
The elephant is severely wounded.
The elephant tramples you but does no damage.
The elephant trunk-slaps you but does no damage.
You hit the elephant.
The elephant is severely wounded.
The elephant tramples you.
You hold your ground!
The elephant barely misses you.
You take 2 damage, and have 91/97 hp.
You hit the elephant but do no damage.
You bite the elephant, but do no damage.
The elephant is severely wounded.
The elephant completely misses you. The elephant closely misses you.
You hit the elephant.
The elephant is severely wounded.
The elephant completely misses you.
The elephant trunk-slaps you but does no damage.
You hit the elephant.
The elephant is severely wounded.
The elephant barely misses you. The elephant misses you.
You sock the elephant!
The elephant is almost dead.
The elephant barely misses you. The elephant misses you.
You hit the elephant.
The elephant is almost dead.
The elephant barely misses you.
The elephant trunk-slaps you but does no damage.
Health restored: 97 You hit the elephant.
The elephant is almost dead.
The elephant barely misses you.
The elephant trunk-slaps you but does no damage.
You hit the elephant.
You kill the elephant!
The elephant's shape twists and changes as it dies.
No target in view!
No target in view!
No target in view!
No target in view!
No target in view!
No target in view!
No target in view!
No target in view!
No target in view!
No target in view!
An eye of devastation comes into view.
The eye of devastation turns its gaze towards you.
A warg comes into view.
The eye of devastation gazes at you. The bolt of devastation hits you!!
Your willpower is stripped away!
You take 26 damage, and have 71/97 hp.
MASSIVE DAMAGE!!
Press: ? - help, v - describe, . - travel
Here: an eye of devastation The floor.
You regained 2 hp, and now have 73/97 hp.
The warg howls!
You hit the eye of devastation.
The eye of devastation is lightly wounded.
You hear a horrible gurgling sound!
The eye of devastation gazes at you. The bolt of devastation hits you!!!
* * * LOW HITPOINT WARNING * * *
You take 41 damage, and have 33/97 hp.
MASSIVE DAMAGE!!
As you read the scroll of teleportation, it crumbles to dust.
You feel strangely unstable.
Aiming: Paralyse
Press: ? - help, Q - select action, (/) - cycle Shift-Dir - straight line, f - eye of devastation
Aim: an eye of devastation (lightly wounded, chance to affect: 7%)
Okay, then.
Aiming: Corrosive Bolt
Press: ? - help, Q - select action, (/) - cycle Shift-Dir - straight line, f - eye of devastation
Aim: an eye of devastation (lightly wounded, 100% to hit)
The bolt of acid hits the eye of devastation!!
The acid corrodes the eye of devastation!
The eye of devastation is heavily wounded.
The bolt of acid hits the warg!!
The acid corrodes the warg!
The warg is heavily wounded.
The eye of devastation gazes at you. The bolt of devastation hits you!!!
You die...
Ignis goes out, and joins you in death.

# ## ####
.♣♣P♣♣♣♣♣♣♣..♣♣♣♣ ♣♣♣♣♣≈
.....≈≈♣≈≈......♣♣...≈≈.
≈.............♣.♣.h≈..♣
..≈♣.....#.♣#.†.♣G.≈.♣
.≈♣≈.......#♣#..@..≈♣
♣≈.........#♣≈..P.≈.♣
♣#...........≈♣≈...≈..♣
#....≈≈≈≈≈....≈♣.....≈≈≈
♣♣♣♣.......♣♣♣♣♣♣♣♣♣♣♣♣♣
#♣.....♣# ###
♣♣♣♣...♣...♣♣♣♣♣.§
♣♣♣♣♣♣♣♣
§♣≈...♣#♣...≈♣≈..§
♣..♣♣..♣♣ §≈....♣
....≈.... ♣#......≈♣♣


You could see an eye of devastation (corroded) and a warg (corroded).

Vanquished Creatures
  A centaur warrior (D:9)
  A two-headed ogre (D:7)
  An elephant (shapeshifter) (D:9)
  2 cane toads (Lair:2)
  A rime drake (Lair:2)
  A torpor snail (Lair:1)
  3 komodo dragons (Lair:1)
  2 hornets
  The ghost of P0WERM0DE the Chopper, an amateur CoCK of Xom (D:5)
  4 polar bears
  9 blink frogs
  Grinder (D:4)
  20 yaks
  A vampire (D:9)
  Eustachio (D:6)
  2 wyverns
  2 basilisks
  A steam dragon (D:7)
  Edmund (D:4)
  4 water moccasins (Lair:1)
  An ice beast (D:9)
  4 orc warriors
  2 sky beasts
  An ogre (D:9)
  2 black bears
  3 wolves
  3 centaurs
  3 kobold brigands
  12 bullfrogs
  A water moccasin zombie (D:6)
  6 killer bees (D:9)
  2 howler monkeys (D:9)
  6 bombardier beetles
  A wyvern simulacrum (D:9)
  3 jellies
  5 orc priests
  A human zombie (Ossuary)
  7 iguanas
  A sleepcap (D:6)
  8 orc wizards
  A killer bee zombie (D:6)
  A hound zombie (Ossuary)
  4 mummies (Ossuary)
  3 gnolls (D:9)
  7 adders
  A shadow imp (D:8)
  4 white imps
  2 howler monkey simulacra (D:9)
  2 ufetubi (D:6)
  An adder zombie (Ossuary)
  3 dart slugs
  A ribbon worm (D:9)
  41 orcs
  8 endoplasms
  4 giant cockroaches
  2 gnoll zombies (Ossuary)
  12 goblins
  12 hobgoblins
  A jackal (D:2)
  2 quokkas
  7 ball pythons
  9 bats
  7 frilled lizards
  A goblin zombie (D:7)
  4 hobgoblin zombies (Ossuary)
  2 jackal zombies (Ossuary)
  12 kobolds
  An orc zombie (Ossuary)
  3 rats
  A rat zombie (D:7)
  A spectral goblin (D:9)
291 creatures vanquished.

Vanquished Creatures (others)
  28 foxfires
28 creatures vanquished.

Grand Total: 319 creatures vanquished

Notes
Turn   | Place    | Note
-------+----------+-------------------------------------------
     0 | D:1      | Vbesf the Gnoll Cinder Acolyte began the quest for the Orb.
     0 | D:1      | Reached XP level 1. HP: 23/23 MP: 4/4
   292 | D:1      | Reached XP level 2. HP: 28/29 MP: 5/5
   944 | D:1      | Reached XP level 3. HP: 35/35 MP: 7/7
  1202 | D:2      | Reached skill level 1 in Invocations
  1232 | D:2      | Reached skill level 1 in Short Blades
  1232 | D:2      | Reached skill level 1 in Long Blades
  1232 | D:2      | Reached skill level 1 in Axes
  1232 | D:2      | Reached skill level 1 in Maces & Flails
  1232 | D:2      | Reached skill level 1 in Staves
  1232 | D:2      | Reached skill level 1 in Ranged Weapons
  1232 | D:2      | Reached skill level 1 in Throwing
  1232 | D:2      | Reached skill level 1 in Armour
  1232 | D:2      | Reached skill level 1 in Dodging
  1232 | D:2      | Reached skill level 1 in Stealth
  1232 | D:2      | Reached skill level 1 in Shields
  1232 | D:2      | Reached skill level 1 in Unarmed Combat
  1232 | D:2      | Reached skill level 1 in Evocations
  1521 | D:2      | Reached skill level 1 in Shapeshifting
  1521 | D:2      | Reached XP level 4. HP: 39/41 MP: 8/8
  1997 | D:3      | Found an opulent altar of Gozag.
  2068 | D:3      | Reached skill level 1 in Conjurations
  2068 | D:3      | Reached skill level 1 in Hexes
  2068 | D:3      | Reached skill level 1 in Summonings
  2068 | D:3      | Reached skill level 1 in Necromancy
  2068 | D:3      | Reached skill level 1 in Translocations
  2068 | D:3      | Reached skill level 1 in Ice Magic
  2068 | D:3      | Reached skill level 1 in Air Magic
  2068 | D:3      | Reached skill level 1 in Earth Magic
  2068 | D:3      | Reached skill level 1 in Alchemy
  2213 | D:3      | Reached XP level 5. HP: 46/47 MP: 9/9
  2769 | D:4      | Noticed Grinder
  2774 | D:4      | Killed Grinder
  2775 | D:4      | Reached XP level 6. HP: 52/53 MP: 9/11
  2784 | D:4      | Noticed Edmund
  3050 | D:4      | Found an iron altar of Okawaru.
  3249 | D:4      | Reached XP level 7. HP: 53/59 MP: 12/12
  3381 | D:4      | You fall into a shaft and drop 2 floors!
  3463 | D:6      | Noticed Eustachio
  3478 | D:6      | Killed Eustachio
  3750 | D:6      | Found a runed translucent door.
  3751 | D:6      | Noticed Crazy Yiuf
  4008 | D:6      | Reached XP level 8. HP: 65/67 MP: 14/14
  4022 | D:6      | Found a sparkling altar of Nemelex Xobeh.
  4258 | D:6      | Found a basalt altar of Yredelemnul.
  4435 | D:5      | Entered Level 5 of the Dungeon
  4553 | D:5      | Found a radiant altar of Vehumet.
  4767 | D:5      | Found a runed translucent gate.
  4767 | D:5      | Noticed P0WERM0DE's ghost (amateur CoCK)
  4979 | D:5      | Found a blossoming altar of Fedhas.
  5037 | D:5      | Found a staircase to the Ecumenical Temple.
  5098 | D:5      | Found a runed translucent gate.
  5098 | D:5      | Identified the +6 short sword of Darkness {freeze, Fly rF++
                  | rC+++ Str-4}
  5099 | D:5      | Found a runed translucent gate.
  5169 | D:5      | Found a roughly hewn altar of Beogh.
  5213 | Temple   | Entered the Ecumenical Temple
  5364 | D:4      | Killed Edmund
  5548 | D:4      | Found a shimmering altar of Xom.
  6539 | D:7      | Found a sand-covered staircase.
  6551 | Ossuary  | Entered an ossuary
  7164 | D:7      | Noticed a two-headed ogre
  7164 | D:7      | Noticed a hornet
  7185 | D:7      | Killed a hornet
  7186 | D:7      | Reached skill level 5 in Spellcasting
  7186 | D:7      | Reached XP level 9. HP: 57/73 MP: 16/16
  7496 | D:6      | Paralysed by an orc warrior for 3 turns
  7514 | D:6      | Paralysed by an orc warrior for 2 turns
  7694 | D:6      | Paralysed by an orc warrior for 5 turns
  7816 | D:6      | Paralysed by an orc warrior for 5 turns
  7826 | D:6      | Paralysed by an orc warrior for 5 turns
  7835 | D:6      | Paralysed by an orc warrior for 3 turns
  8244 | D:7      | Found a broken altar of Ashenzari.
  8402 | D:7      | Killed a two-headed ogre
  8403 | D:7      | Reached skill level 5 in Invocations
  8568 | D:8      | Found a hide-covered altar of Uskayaw.
  8632 | D:8      | Noticed a hornet
  9192 | D:8      | Noticed Psyche
  9202 | D:8      | Noticed a hornet
  9778 | D:9      | Found a staircase to the Lair.
  9779 | D:9      | Noticed a polar bear
  9791 | D:9      | Reached skill level 5 in Short Blades
  9791 | D:9      | Reached skill level 5 in Long Blades
  9791 | D:9      | Reached skill level 5 in Axes
  9791 | D:9      | Reached skill level 5 in Maces & Flails
  9791 | D:9      | Reached skill level 5 in Staves
  9791 | D:9      | Reached skill level 5 in Ranged Weapons
  9791 | D:9      | Reached skill level 5 in Throwing
  9791 | D:9      | Reached skill level 5 in Armour
  9791 | D:9      | Reached skill level 5 in Dodging
  9791 | D:9      | Reached skill level 5 in Stealth
  9791 | D:9      | Reached skill level 5 in Shields
  9791 | D:9      | Reached skill level 5 in Unarmed Combat
  9791 | D:9      | Reached skill level 5 in Evocations
  9791 | D:9      | Reached XP level 10. HP: 47/81 MP: 18/18
 10278 | D:5      | Killed P0WERM0DE's ghost
 10994 | D:9      | Found a hazy altar of Hepliaklqana.
 11009 | D:9      | Found a snail-covered altar of Cheibriados.
 11053 | D:9      | Reached skill level 5 in Shapeshifting
 11112 | D:9      | Noticed a centaur warrior
 11119 | D:9      | Killed a centaur warrior
 11159 | D:9      | Found a stormy altar of Qazlal.
 11300 | D:9      | Reached skill level 5 in Conjurations
 11300 | D:9      | Reached skill level 5 in Hexes
 11300 | D:9      | Reached skill level 5 in Summonings
 11300 | D:9      | Reached skill level 5 in Necromancy
 11300 | D:9      | Reached skill level 5 in Translocations
 11300 | D:9      | Reached skill level 5 in Ice Magic
 11300 | D:9      | Reached skill level 5 in Air Magic
 11300 | D:9      | Reached skill level 5 in Earth Magic
 11300 | D:9      | Reached skill level 5 in Alchemy
 11303 | D:9      | Reached XP level 11. HP: 74/89 MP: 21/21
 11400 | D:9      | Noticed a cyan ugly thing
 11410 | D:8      | Paralysed by a hornet for 1 turns
 11508 | Lair:1   | Entered Level 1 of the Lair of Beasts
 12829 | Lair:2   | Reached XP level 12. HP: 87/97 MP: 23/23
 13435 | Lair:2   | Noticed Urug
 13441 | Lair:2   | Paralysed by Urug for 2 turns
 13549 | Lair:2   | Noticed an eight-headed hydra
 13629 | D:10     | Entered Level 10 of the Dungeon
 13740 | D:9      | Killed from afar by an eye of devastation (shapeshifter)

Illustrated notes

Levels and vault maps discovered:
D:1:      wander_arrival_chamber, layout_loops_corners, serial_forest,
          infiniplex_forest_end_3, infiniplex_forest_clump_curved,
          infiniplex_forest_clump_large, infiniplex_forest_straight_5,
          infiniplex_forest_lined_1, infiniplex_forest_pool
D:2:      minmay_door_path, layout_basic, minmay_misc_feat_encased,
          grunt_ministairs_8, minmay_joined_circles
D:3:      layout_loops_ring, nicolae_gozag_cash_rules_everything_around_me
D:4:      layout_basic, kennysheep_okawaru_gauntlet,
          mainiacjoe_overflow_alcove_2, minmay_fractal_squares_5, uniq_edmund,
          uniq_grinder
D:5:      layout_loops_cross, lemuel_doored_altar, fedhas_altar_2,
          temple_statues, biasface_ghost_orc_armoury
D:6:      layout_basic, lemuel_zombie_altar_yredelemnul,
          nemelex_xobeh_ov_fountains_minmay, uniq_crazy_yiuf_cottage,
          uniq_eustachio
D:7:      layout_rooms, mainiacjoe_overflow_tiny_flanked, enter_ossuary_4,
          minivault_1
D:8:      layout_loops_corners, nicolae_uskayaw_murder_on_the_dancefloor,
          uniq_psyche
D:9:      regret_index_malice_mire, layout_long_grid, cheibrodos_worm_habitat,
          nicolae_hepliaklqana_monster_ancestors, mainiacjoe_overflow_24_doors,
          lair_entry_dummy, serial_ice, serial_ice_c, serial_ice_o,
          serial_ice_i, serial_ice_f
D:10:     minmay_the_grid_octo_tiled_octocenter
          [minmay_the_grid_octo_fan_narrow, minmay_the_grid_octo_clover,
          minmay_the_grid_octo_clover_2, minmay_the_grid_octo_concentric,
          minmay_the_grid_octo_prize_square_snowflake,
          minmay_the_grid_square_5x5_six_small,
          minmay_the_grid_square_5x5_empty, minmay_the_grid_square_5x5_n,
          minmay_the_grid_square_5x5_meh], layout_cave_pools, lemuel_tele_altar,
          serial_column_ruins, column_ruins_hut, column_ruins_grid_4,
          column_ruins_grid_1, column_ruins_grid_2
Temple:   jpeg_temple_island
Lair:1:   layout_roguey, lemuel_fruit_fields
Lair:2:   wad_woods_settlement, layout_loops_ring, grunt_megastairs_3, uniq_urug

Skill      XL: |  1  2  3  4  5  6  7  8  9 10 11 12 |
---------------+-------------------------------------+-----
Invocations    | 1 2 3 4 5 6 7 8 |  8.1
Short Blades   | 1 2 3 4 5 6 7 |  7.3
Long Blades    | 1 2 3 4 5 6 7 |  7.3
Axes           | 1 2 3 4 5 6 7 |  7.3
Maces & Flails | 1 2 3 4 5 6 7 |  7.3
Staves         | 1 2 3 4 5 6 7 |  7.3
Ranged Weapons | 1 2 3 4 5 6 7 |  7.3
Throwing       | 1 2 3 4 5 6 7 |  7.3
Armour         | 1 2 3 4 5 6 7 |  7.3
Dodging        | 1 2 3 4 5 6 7 |  7.3
Stealth        | 1 2 3 4 5 6 7 |  7.3
Shields        | 1 2 3 4 5 6 7 |  7.3
Unarmed Combat | 1 2 3 4 5 6 7 |  7.3
Evocations     | 1 2 3 4 5 6 7 |  7.3
Shapeshifting  | 1 2 3 4 5 6 |  6.7
Spellcasting   | 3 4 5 6 7 |  7.9
Conjurations   | 1 2 3 4 5 6 |  6.1
Hexes          | 1 2 3 4 5 6 |  6.1
Summonings     | 1 2 3 4 5 6 |  6.1
Necromancy     | 1 2 3 4 5 6 |  6.1
Translocations | 1 2 3 4 5 6 |  6.1
Ice Magic      | 1 2 3 4 5 6 |  6.1
Air Magic      | 1 2 3 4 5 6 |  6.1
Earth Magic    | 1 2 3 4 5 6 |  6.1
Alchemy        | 1 2 3 4 5 6 |  6.1
Fighting       | 7 8 9 |  9.9
Polearms       | 7 8 9 |  9.9
Fire Magic     | 6 7 8 |  8.3

Action                     |  1- 3 |  4- 6 |  7- 9 | 10-12 || total
---------------------------+-------+-------+-------+-------++-------
  Melee: Spear             |   175 |   142 |   411 |       ||   728
         Bite              |     9 |    14 |    57 |    69 ||   149
         Flail             |       |       |   105 |   637 ||   742
         Short sword       |       |       |       |    19 ||    19
  Throw: Javelin           |       |     4 |    22 |     8 ||    34
         Stone             |       |       |    23 |    45 ||    68
         Dart              |       |       |       |     3 ||     3
 Invoke: Foxfire Swarm     |       |     1 |     1 |       ||     2
         Fiery Armour      |       |     1 |     6 |     3 ||    10
  Evoke: Wand              |       |       |     2 |    12 ||    14
    Use: Scroll            |       |       |       |     9 ||     9
   Stab: Sleeping          |     1 |       |       |       ||     1
         Paralysed         |       |       |     6 |    15 ||    21
 Armour: Robe              |     6 |       |       |       ||     6
         Ring mail         |    70 |    60 |   363 |   449 ||   942
  Dodge: Dodged            |    41 |    27 |   286 |   594 ||   948

Table legend: (Time is in decaauts)
 A = Elapsed time spent in this place.
 B = Non-inter-level travel time spent in this place.
 C = Inter-level travel time spent in this place.
 D = Time resting spent in this place.
 E = Time spent auto-exploring this place.
 F = Levels seen in this place.
 G = Mean time per level.
                   A        B        C        D        E       F      G
               +--------+--------+--------+--------+--------+-----+--------+
         Total |  13661 |  12502 |   1159 |    611 |   8670 |  14 |  975.8 |
       Dungeon |  10956 |   9914 |   1042 |    494 |   7106 |  10 | 1095.6 |
        Temple |      1 |      1 |      0 |      0 |      0 |   1 |    1.0 |
          Lair |   2133 |   2016 |    117 |    117 |   1099 |   2 | 1066.5 |
       Ossuary |    569 |    569 |      0 |      0 |    465 |   1 |  569.0 |
               +--------+--------+--------+--------+--------+-----+--------+

Top non-repeatable levels by time:
     D:6: 1904 daAuts
     D:8: 1794 daAuts
  Lair:1: 1389 daAuts
     D:5: 1266 daAuts
     D:4: 1237 daAuts
     D:9: 1118 daAuts
     D:1: 1076 daAuts
     D:7: 917 daAuts
     D:2: 821 daAuts
     D:3: 798 daAuts
  Lair:2: 743 daAuts
 Ossuary: 569 daAuts
    D:10: 19 daAuts
  Temple: 1 daAuts
